 Dungeon Crawl Stone Soup version 0.22.1-1-ga44c0e5 (webtiles) character file.

58 john2 the Skirmisher (level 3, 0/35 HPs)
             Began as a Minotaur Berserker on Oct 25, 2018.
             Was an Initiate of Nemelex Xobeh.
             Slain by a hobgoblin (3 damage)
             ... on level 2 of the Dungeon.
             The game lasted 00:05:56 (1170 turns).

john2 the Skirmisher (Minotaur Berserker)           Turns: 1170, Time: 00:05:56

Health: 0/35       AC:  3    Str: 22    XL:     3   Next: 75%
Magic:  2/2        EV: 12    Int:  4    God:    Nemelex Xobeh [......]
Gold:   123        SH:  0    Dex:  9    Spells: 2/2 levels left

rFire    . . .     SeeInvis .   a - +0 hand axe
rCold    . . .     Gourm    .   (no shield)
rNeg     . . .     Faith    .   i - +0 leather armour
rPois    .         Spirit   .   (helmet restricted)
rElec    .         Reflect  .   (no cloak)
rCorr    .         Harm     .   (no gloves)
MR       .....                  (no boots)
Stlth    +.........             (no amulet)
HPRegen  0.11/turn              (no ring)
MPRegen  0.08/turn              (no ring)

@: no status effects
A: retaliatory headbutt, horns 2
a: Renounce Religion


You were on level 2 of the Dungeon.
You worshipped Nemelex Xobeh.
Nemelex Xobeh was noncommittal.
You were hungry.

You visited 1 branch of the dungeon, and saw 2 of its levels.

You collected 123 gold pieces.

Inventory:

Hand Weapons
 a - a +0 hand axe (weapon)
Armour
 b - a +0 animal skin
 i - a +0 leather armour (worn)
 o - a +0 ring mail
Scrolls
 d - a scroll of magic mapping {unknown}
 e - 2 scrolls of teleportation {unknown}
 g - 2 scrolls of immolation {unknown}
 l - 3 scrolls of remove curse {unknown}
 m - 2 scrolls of identify {unknown}
Potions
 h - a potion of brilliance {unknown}
 j - 2 potions of degeneration {unknown}
 k - a potion of ambrosia {unknown}
 n - a potion of curing {unknown}
 p - a potion of magic {unknown}
Comestibles
 c - 4 rations
 f - 2 chunks of flesh


   Skills:
 + Level 4.8 Fighting
 + Level 4.7 Axes
 - Level 2.4 Armour
 - Level 2.1 Dodging


You had 2 spell levels left.
You didn't know any spells.
Your spell library was empty.

Dungeon Overview and Level Annotations

Branches:
Dungeon (2/15)

Altars:
Nemelex Xobeh
Trog


Innate Abilities, Weirdness & Mutations

You reflexively headbutt those who attack you in melee.
You have a pair of horns on your head.


Message History

You slash the gnoll!
You kill the gnoll!
You closely miss the hobgoblin. The hobgoblin misses you.
You hit the hobgoblin. You headbutt the hobgoblin.
The hobgoblin is moderately wounded.
The gnoll barely misses you. The hobgoblin closely misses you.
A gnoll comes into view. It is wielding a whip.
You barely miss the hobgoblin.
The hobgoblin is moderately wounded.
The gnoll shouts!
The gnoll hits you but does no damage. The hobgoblin hits you.
You barely miss the hobgoblin.
The hobgoblin is moderately wounded.
The gnoll hits you from afar with a spear!
* * * LOW HITPOINT WARNING * * *
The hobgoblin hits you.
* * * LOW HITPOINT WARNING * * *
The gnoll hits you but does no damage. The hobgoblin hits you.
You die...
Your body disappears without a glow.

..............#..#
_.........##..# .#
........)## #.#
.........# .#
........## .#
...(.....# ..
.........# .
.........#
.......@.#
........g#
........#g.....
#.....%##g..#.⌠
####### .....
...#.. ... . .#)


You could see 2 gnolls and a hobgoblin.

Vanquished Creatures
  A gnoll (D:2)
  An adder (D:2)
  2 worms (D:2)
  7 bats
  4 giant cockroaches
  5 goblins
  4 hobgoblins
  A frilled lizard (D:2)
  A kobold (D:1)
  8 rats
34 creatures vanquished.

Notes
Turn   | Place    | Note
-------+----------+-------------------------------------------
     0 | D:1      | john2 the Minotaur Berserker began the quest for the Orb.
     0 | D:1      | Reached XP level 1. HP: 19/19 MP: 0/0
   130 | D:1      | Reached XP level 2. HP: 25/27 MP: 1/1
   818 | D:2      | Reached ** piety under Trog
   819 | D:2      | Reached XP level 3. HP: 34/34 MP: 2/2
  1088 | D:2      | Found a sparkling altar of Nemelex Xobeh.
  1097 | D:2      | Fell from the grace of Trog
  1097 | D:2      | Became a worshipper of Nemelex Xobeh the Trickster
  1150 | D:2      | Found a bloodstained altar of Trog.
  1170 | D:2      | Slain by a hobgoblin

Skill      XL: |  1 |
---------------+----+-----
Fighting       | 4 |  4.8
Axes           | 4 |  4.7
Armour         | |  2.4
Dodging        | |  2.1

Action                   || total
-------------------------++-------
Melee: Hand axe          ||    63
       Headbutt          ||    10
Armor: Animal skin       ||     5
       Leather armour    ||     6
Dodge: Dodged            ||    44
